 Dungeon Crawl Stone Soup version 0.30.1-11-g7821555f0a (webtiles) character file.

Game seed: 18050669600259796168

623 Okkudo the Cleaver (level 7, -2/63 HPs)
             Began as a Hill Orc Monk on Nov 28, 2023.
             Was a Priest of Beogh.
             Slain by an iguana (11 damage)
             ... on level 5 of the Dungeon.
             The game lasted 00:15:35 (3996 turns).

Okkudo the Cleaver (Hill Orc Monk)                  Turns: 3996, Time: 00:15:35

Health: -2/63      AC: 10    Str: 22    XL:     7   Next: 46%
Magic:  9/9        EV:  8    Int: 10    God:    Beogh [***...]
Gold:   353        SH:  4    Dex: 13    Spells: 6/6 levels left

rFire   . . .        a - +0 hand axe
rCold   . . .        B - +0 buckler
rNeg    . . .        p - +0 chain mail
rPois   +            (no helmet)
rElec   .            e - +0 cloak
rCorr   .            (no gloves)
SInv    .            k - +0 pair of boots
Will    .....        (no amulet) Stlth
                     s - ring of poison resistance
HPRegen 0.30/turn    q - +6 ring of strength
MPRegen 0.11/turn

%: no passive effects
@: silenced
A: no striking features
a: Renounce Religion


You were on level 5 of the Dungeon.
You worshipped Beogh.
Beogh was most pleased with you.
You visited 1 branch of the dungeon, and saw 5 of its levels.

You collected 353 gold pieces.

Inventory:

Hand Weapons
 a - a +0 hand axe (weapon)
 w - the +2 dagger "Teshre" {freeze, rPois rF+ Stlth-}
   (You took it off a kobold on level 4 of the Dungeon)

   rF:        It protects you from fire.
   rPois:     It protects you from poison.
   Stlth:     It makes you less stealthy.
Missiles
 n - 59 stones (quivered)
 A - 2 poisoned darts
Armour
 d - an orb of light
 e - a +0 cloak (worn)
 k - a +0 pair of boots (worn)
 p - a +0 chain mail (worn)
 v - a +2 hat
 B - a +0 buckler (worn)
Jewellery
 l - a ring of positive energy
 q - a +6 ring of strength (right hand)
 s - a ring of poison resistance (left hand)
 y - a ring of wizardry
 C - an amulet of reflection
Wands
 o - a wand of flame (14)
Scrolls
 b - 2 scrolls of blinking {unknown}
 h - 2 scrolls of brand weapon {unknown}
 j - 3 scrolls of teleportation {unknown}
 m - a scroll of magic mapping
 r - a scroll of butterflies
 t - a scroll of enchant weapon
 u - 2 scrolls of noise {unknown}
 z - a scroll of immolation {unknown}
Potions
 c - a potion of ambrosia
 f - a potion of flight
 g - 2 potions of brilliance {unknown}
 D - a potion of lignification {unknown}


   Skills:
 + Level 6.1 Fighting
 * Level 8.5 Axes
 - Level 2.7 Dodging
 + Level 1.2 Shields
 + Level 3.0 Invocations


You had 6 spell levels left.
You didn't know any spells.
Your spell library contained the following spells:

 Spells                   Type           Power      Damage    Failure   Level
 Ensorcelled Hibernation  Hex/Ice        0%         N/A       99%         2
 Passwall                 Tmut/Erth      0%         N/A       99%         2
 Scorch                   Fire           0%         2d5       99%         2
 Dazzling Flash           Conj/Hex       0%         N/A       100%        3
 Swiftness                Air            0%         N/A       100%        3
 Volatile Blastmotes      Fire/Tloc      0%         2d10      100%        3
 Flame Wave               Conj/Fire      0%         2d4       100%        4
 Iskenderun's Mystic Bla  Conj/Tloc      0%         2d3       100%        4
 Iskenderun's Battlesphe  Conj           0%         2d6       100%        5
 Iron Shot                Conj/Erth      0%         9d1       100%        6
 Starburst                Conj/Fire      0%         6d3       100%        6
 Summon Cactus Giant      Summ           0%         N/A       100%        6
 Spellforged Servitor     Conj/Summ      0%         N/A       100%        7


Dungeon Overview and Level Annotations

Branches:
Dungeon (5/15)             Temple (0/1) D:4

Altars:
Gozag
Makhleb
Uskayaw
The Shining One

Shops:
D:4 (

Annotations:
D:5 Menkaure


Message History

You closely miss the orc.
Your orc hits the orc with a +0 hand axe.
The orc dies!
Beogh accepts your kill.
You see here a hound corpse.
You now have 353 gold pieces (gained 7).
You see here a hound corpse.
An iguana comes into view.
Something hits your orc!!
Your orc dies!
The iguana bites your orc!
Your orc barely misses the iguana.
Menkaure, Prince of Dust comes into view.
Menkaure gestures wildly while chanting.
Menkaure seems to speed up.
The iguana bites your orc but does no damage.
Your orc hits the iguana with a +0 hand axe.
Things that are here:
a +0 whip; a +0 ring mail Your orc hits the iguana with a +0 hand axe.
Your orc completely misses Menkaure.
Menkaure calls on the powers of darkness!
Your orc convulses!
The iguana convulses!
Your body is wracked with pain!
Menkaure casts a spell at your orc.
Your orc writhes in agony.
Your orc dies!
You block the iguana's attack.
Menkaure calls on the powers of darkness!
Your body is wracked with pain!
* * * LOW HITPOINT WARNING * * *
The iguana convulses!
The iguana bites you.
* * * LOW HITPOINT WARNING * * *
Things that are here:
a +0 hand axe; a +0 scale mail; an orc corpse
As you read the scroll of silence, it crumbles to dust.
A profound silence engulfs you. Menkaure hits you!
* * * LOW HITPOINT WARNING * * *
The iguana barely misses you. The iguana bites you!
You die...

.##.##.# ####
.......# #...
###.#.##.########.)#
......##..........#
###......# #.....#
..#..# #.# #.)..#
#<#..###.###...##
...........†....##
..#######..####.@#+
..# #..# ##lM# .##
...... #...# ..#
#######.##.#.). ♣.♣
......... .♣♣
##.####### ♣♣ #.# ♣
#.# ♣ ..


You could see Menkaure (fast) and an iguana.

Vanquished Creatures
  A water moccasin (D:5)
  An ogre (D:4)
  A jelly (D:4)
  3 hounds
  Crazy Yiuf (D:5)
  An iguana (D:4)
  Terence (D:3)
  4 gnolls (D:4)
  7 adders
  An ufetubus (D:4)
  A worm (D:2)
  2 dart slugs
  3 orcs (D:3)
  12 ball pythons
  12 endoplasms
  4 giant cockroaches
  5 goblins
  2 hobgoblins (D:3)
  3 jackals
  4 quokkas
  8 bats
  3 frilled lizards (D:1)
  8 kobolds
  7 rats
95 creatures vanquished.

Vanquished Creatures (collateral kills)
  An orc wizard (D:5)
  An orc (D:5)
2 creatures vanquished.

Vanquished Creatures (others)
  2 orcs (D:5)
2 creatures vanquished.

Grand Total: 99 creatures vanquished

Notes
Turn   | Place    | Note
-------+----------+-------------------------------------------
     0 | D:1      | Okkudo the Hill Orc Monk began the quest for the Orb.
     0 | D:1      | Reached XP level 1. HP: 19/19 MP: 1/1
   200 | D:1      | Reached XP level 2. HP: 24/27 MP: 2/2
   700 | D:1      | Reached XP level 3. HP: 33/33 MP: 3/3
  1191 | D:2      | Found a faded altar of an unknown god.
  1201 | D:2      | You fall into a shaft and drop 1 floor!
  1240 | D:3      | Noticed Terence
  1270 | D:3      | Killed Terence
  1271 | D:3      | Reached skill level 5 in Axes
  1271 | D:3      | Reached XP level 4. HP: 28/41 MP: 4/4
  1428 | D:3      | Became a worshipper of Beogh the Brigand
  1428 | D:3      | Reached * piety under Beogh
  1428 | D:3      | Reached ** piety under Beogh
  1433 | D:3      | Found a burning altar of Makhleb.
  1578 | D:3      | Found a hide-covered altar of Uskayaw.
  2672 | D:4      | Found Kacuwn's Weapon Shop.
  2716 | D:4      | Reached skill level 6 in Axes
  2716 | D:4      | Reached XP level 5. HP: 47/47 MP: 5/5
  2752 | D:4      | Noticed an ogre
  2761 | D:4      | Killed an ogre
  2762 | D:4      | Reached skill level 5 in Fighting
  2762 | D:4      | Reached skill level 7 in Axes
  2762 | D:4      | Reached XP level 6. HP: 38/56 MP: 6/6
  2809 | D:4      | Found a staircase to the Ecumenical Temple.
  2812 | D:4      | Identified the +2 dagger "Teshre" {freeze, rPois rF+
                  | Stlth-}
  2960 | D:4      | Reached skill level 1 in Invocations
  3013 | D:4      | Reached *** piety under Beogh
  3445 | D:5      | Entered Level 5 of the Dungeon
  3448 | D:5      | Found a glowing golden altar of the Shining One.
  3496 | D:5      | Reached skill level 8 in Axes
  3557 | D:5      | Reached XP level 7. HP: 62/62 MP: 8/8
  3578 | D:5      | Found an opulent altar of Gozag.
  3802 | D:5      | Found a runed translucent door.
  3803 | D:5      | Noticed Crazy Yiuf
  3812 | D:5      | Reached skill level 1 in Shields
  3818 | D:5      | Killed Crazy Yiuf
  3990 | D:5      | Noticed Menkaure
  3996 | D:5      | Slain by an iguana

Illustrated notes

Levels and vault maps discovered:
D:1:      lightli_iron_boxes, layout_basic
D:2:      layout_basic, shapermc_ecumenical_altar_venn
D:3:      layout_basic, amcnicky_altar_gilded, mainiacjoe_overflow_tiny_flanked,
          uniq_terence
D:4:      minmay_bubble_buster, layout_rooms, minmay_temple_entry_mist,
          serial_shops, shop
D:5:      layout_loops_cross, nemelex_diamond_rough_becter, lemuel_tele_altar,
          lemuel_crystal_altar, nicolae_gozag_cash_rules_everything_around_me,
          uniq_menkaure, uniq_crazy_yiuf_cottage

Skill      XL: |  1  2  3  4  5  6  7 |
---------------+----------------------+-----
Fighting       | 4 5 6 |  6.1
Axes           | 5 6 7 8 |  8.5
Invocations    | 2 3 |  3.0
Shields        | 1 |  1.2
Dodging        | |  2.7

Action                     |  1- 3 |  4- 6 |  7- 9 || total
---------------------------+-------+-------+-------++-------
  Melee: Hand axe          |    77 |   185 |    30 ||   292
  Throw: Stone             |     1 |     3 |       ||     4
 Invoke: Convert to Beogh  |       |     1 |       ||     1
    Use: Scroll            |       |       |     5 ||     5
         Potion            |       |       |     1 ||     1
 Armour: Ring mail         |    22 |       |       ||    22
         Robe              |     1 |       |       ||     1
         Chain mail        |       |    94 |    13 ||   107
  Dodge: Dodged            |    44 |   114 |     9 ||   167
  Block: Buckler           |       |     4 |     5 ||     9
